 Dungeon Crawl Stone Soup version 0.31-a0-640-g39d97e502b (webtiles) character file.

Game seed: 11454406995549809906

8 greenreed the Ruffian (level 2, 0/22 HPs)
             Began as a Djinni Shapeshifter on Aug 27, 2023.
             Slain by a jackal (3 damage)
             ... on level 1 of the Dungeon.
             The game lasted 00:00:33 (192 turns).

greenreed the Ruffian (Djinni Shapeshifter)          Turns: 192, Time: 00:00:33

Health: 0/22       AC:  2    Str: 13    XL:     2   Next: 15%
Gold:   19         EV: 12    Int: 11    God:
                   SH:  0    Dex: 12

rFire   + +          .
                       - Unarmed
rCold   x . .        (no shield)
rNeg    . . .        a - +0 animal skin
rPois   ∞            (helmet currently unavailable)
rElec   .            (cloak currently unavailable)
rCorr   .            (gloves currently unavailable)
SInv    .            (boots unavailable)
Will    .....        (no amulet)
Stlth   +            (no ring)
HPRegen 0.23/turn    (no ring)
MPRegen 0.00/turn

%: infuse magic (-1 HP)
@: beast-form, flying
A: beast (slay +1), flying, sickness immunity, fire resistance 2, cold
vulnerability 1, float, innate caster, HP casting, extra vitality 1
a: Begin Untransformation


You were on level 1 of the Dungeon.
You were a hulking beast.
You visited 1 branch of the dungeon, and saw 1 of its levels.

You collected 19 gold pieces.

Inventory:

Armour
 a - a +0 animal skin (worn)
Talismans
 c - a beast talisman (active)
 d - a flux talisman
Scrolls
 e - 2 scrolls of identify {unknown}
 f - a scroll of teleportation {unknown}
Potions
 b - a potion of lignification


   Skills:
 * Level 1.3 Fighting
 + Level 2.4 Dodging
 * Level 3.1 Unarmed Combat
 + Level 2.8 Shapeshifting You didn't know any spells. Your spell library was empty.

Dungeon Overview and Level Annotations

Branches:
Dungeon (1/15)

Altars:


Innate Abilities, Weirdness & Mutations

You are a hulking beast.
Your limbs bulge with bestial killing power. (Slay +1)
You are flying.
You are immune to sickness and miasma.
You are immune to poison.
Your flesh is very heat resistant. (rF++)
You are vulnerable to cold. (rC-)
You float through the air rather than walking.
You learn spells naturally, not from books.
Your magical power is your life essence.
You have superior vitality. (+4 MHP)


Message History

You closely miss the jackal.
The jackal is heavily wounded.
You barely miss the jackal.
The jackal is heavily wounded.
The jackal barely misses you. The jackal misses you.
You barely miss the jackal.
The jackal is heavily wounded.
The jackal barely misses you. The jackal bites you.
The jackal bites you but does no damage.
You barely miss the jackal.
The jackal is heavily wounded.
The jackal misses you. The kobold closely misses you.
The jackal barely misses you. x2; The jackal bites you.
You barely miss the jackal.
The jackal is heavily wounded.
The jackal bites you. The jackal closely misses you. The kobold misses you.
The jackal bites you.
The jackal barks!
The jackal attacks as it pursues you! The jackal barely misses you.
The jackal bites you. x2; The jackal barely misses you.
The jackal attacks as it pursues you! The jackal bites you.
The jackal completely misses you. The kobold hits you with a +0 club.
The jackal attacks as it pursues you! The jackal barely misses you.
The jackal bites you. The kobold closely misses you.
The kobold attacks as it pursues you! The kobold misses you.
You see here a +0 robe.
You are too injured to fight recklessly!
You are too injured to fight recklessly!
You are too injured to fight recklessly!
You hit the kobold but do no damage. The kobold hits you with a +0 club.
* * * LOW HITPOINT WARNING * * *
You miss the kobold. The kobold hits you with a +0 club.
* * * LOW HITPOINT WARNING * * *
You hit the kobold.
You kill the kobold!
You barely miss the jackal. The jackal completely misses you.
The jackal barely misses you.
You hit the jackal but do no damage. The jackal bites you.
You die...

#.# #.# ######. #..# #.#
#.... . #..# #.# #.#.#
#.#..# #.# #.#.# %#..#
#.# #.#.# ... #.# #.#.#
##.## .. #.# #†#.#
##...###...# #.# #.#h#
#.h........#
#.######.#h###h...#####.#
#........#hhh..#........
#######..#.#....##.####.
#..............
##.#.###.....### #...#
#......# ###.# #......#
#.. .........


You could see 3 jackals.

Vanquished Creatures
  An endoplasm (D:1)
  A goblin (D:1)
  2 ball pythons (D:1)
  A bat (D:1)
  A frilled lizard (D:1)
  2 kobolds (D:1)
8 creatures vanquished.

Notes
Turn   | Place    | Note
-------+----------+-------------------------------------------
     0 | D:1      | greenreed the Djinni Shapeshifter began the quest for the
                  | Orb.
     0 | D:1      | Reached XP level 1. HP: 17/17 MP: 0/0
   121 | D:1      | Reached XP level 2. HP: 22/22 MP: 0/0
   192 | D:1      | Slain by a jackal

Illustrated notes

Levels and vault maps discovered:
D:1:      dpeg_arrival_lava_temple_mockup, layout_loops_ring

Action                     || total
---------------------------++-------
  Melee: Unarmed           ||    28
 Armour: Animal skin       ||     5
  Dodge: Dodged            ||    28

Table legend: (Time is in decaauts)
 A = Elapsed time spent in this place.
 B = Non-inter-level travel time spent in this place.
 C = Inter-level travel time spent in this place.
 D = Time resting spent in this place.
 E = Time spent auto-exploring this place.
 F = Levels seen in this place.
 G = Mean time per level.
                   A        B        C        D        E       F      G
               +--------+--------+--------+--------+--------+-----+--------+
         Total |    190 |    190 |      0 |      0 |    127 |   1 |  190.0 |
       Dungeon |    190 |    190 |      0 |      0 |    127 |   1 |  190.0 |
               +--------+--------+--------+--------+--------+-----+--------+

Top non-repeatable levels by time:
     D:1: 190 daAuts
